 Dungeon Crawl Stone Soup version 0.16.0-6-gad6103a (webtiles) character file.

220859 genja64 the Stormcaller (level 19, -8/142 HPs)
             Began as a Human Enchanter on Mar 13, 2015.
             Was the Champion of Dithmenos.
             Mangled by a stone giant simulacrum (47 damage)
             ... on level 1 of the Vaults on Mar 15, 2015.
             The game lasted 06:12:04 (52987 turns).

genja64 the Stormcaller (Human Enchanter)          Turns: 52987, Time: 06:12:04

Health: -8/142     AC: 14    Str:  8    XL:     19   Next: 95%
Magic:  2/45       EV: 17    Int: 33    God:    Dithmenos [******]
Gold:   1253       SH:  8    Dex: 18    Spells: 10 memorised, 8 levels left

rFire  + + +     SeeInvis .     F - +4 dagger (elec)
rCold  . . .     Clarity  .     K - +2 leather armour {MR+}
rNeg   . . .     SustAb   .     m - +2 buckler
rPois  +         Gourm    +     G - +2 helmet
rElec  .         Spirit   .     U - +2 cloak {rPois}
rCorr  .         Warding  .     A - -2 pair of gloves of the Valley {rF++ Dex+6}
rMut   .         Stasis   .     T - +2 pair of boots
MR     ++...                    k - amulet of the gourmand
Stlth  +++++++++.               x - ring "Isuy" {rF+ Int+10 Dex-3}
                                y - ring of magical power

@: wreathed by umbra, very resistant to hostile enchantments, incredibly
stealthy
A: rugged brown scales 1
a: Shadow Step, Shadow Form, Renounce Religion
}: 1/15 runes: barnacled


You were on level 1 of the Vaults.
You worshipped Dithmenos.
Dithmenos was exalted by your worship.
You were not hungry.

You visited 8 branches of the dungeon, and saw 41 of its levels.
You also visited: Labyrinth.

You collected 4289 gold pieces.
You spent 3036 gold pieces at shops.

Inventory:

Hand weapons
 f - a +0 double sword of freezing
 F - a +4 dagger of electrocution (weapon)
Armour
 m - a +2 buckler (worn)
 A - the -2 pair of gloves of the Valley (worn) {rF++ Dex+6}
   (You bought it in a shop on level 4 of the Orcish Mines)

   It affects your dexterity (+6).
   It greatly protects you from fire.
 G - a +2 helmet (worn)
 K - a +2 leather armour of magic resistance (worn)
 T - a +2 pair of boots (worn)
 U - a +2 cloak of poison resistance (worn)
Magical staves
 g - an uncursed staff of wizardry
Jewellery
 e - a +1 ring of slaying
 k - an amulet of the gourmand (around neck)
 u - an uncursed ring of teleportation
 x - the ring "Isuy" (right hand) {rF+ Int+10 Dex-3}
   (You bought it in a shop on level 4 of the Orcish Mines)

   [ring of protection from fire]

   It affects your intelligence (+10).
   It affects your dexterity (-3).
   It protects you from fire.
 y - a ring of magical power (left hand)
 C - an uncursed ring of invisibility
 M - a +5 ring of protection
Magical devices
 s - a wand of hasting (6)
 v - a wand of teleportation (2)
 I - a wand of heal wounds (2)
 X - a wand of disintegration (9)
Scrolls
 a - 5 scrolls of identify
 b - 2 scrolls of holy word
 j - 7 scrolls of remove curse
 p - 5 scrolls of recharging
 q - 2 scrolls of amnesia
 D - 3 scrolls of teleportation
 H - 3 scrolls of magic mapping
 J - 4 scrolls of blinking
 W - 2 scrolls of fog
 Y - a scroll of vulnerability
Potions
 h - 10 potions of curing
 i - 2 potions of magic
 l - 4 potions of restore abilities
 n - 3 potions of resistance
 o - 3 potions of agility
 r - 10 potions of heal wounds
 w - 4 potions of brilliance
 z - 2 potions of flight
 B - a potion of cure mutation
 L - 6 potions of might
 O - 2 potions of invisibility
 R - 2 potions of berserk rage
Books
 Q - a book of Conjurations

   Spells                             Type                      Level
   a - Magic Dart                     Conjuration                  1
   b - Searing Ray                    Conjuration                  2
   c - Dazzling Spray                 Conjuration/Hexes            3
   d - Fulminant Prism                Conjuration/Hexes            4
   e - Iskenderun's Mystic Blast      Conjuration                  4
   f - Iskenderun's Battlesphere      Conjuration/Charms           5
 S - a book of Spatial Translocations

   Spells                             Type                      Level
   a - Apportation                    Translocation                1
   b - Blink                          Translocation                2
   c - Shroud of Golubria             Charms/Translocation         2
   d - Portal Projectile              Translocation                3
   e - Teleport Other                 Translocation                3
   f - Passage of Golubria            Translocation                4
 V - a book of the Tempests

   Spells                             Type                      Level
   a - Static Discharge               Conjuration/Air              3
   b - Lightning Bolt                 Conjuration/Air              5
   c - Fireball                       Conjuration/Fire             5
   d - Tornado                        Air                          9
   e - Shatter                        Earth                        9
Comestibles
 d - 14 bread rations
 t - 16 meat rations
 E - 19 fruits
 N - 7 beef jerkies


   Skills:
 - Level 9.1 Fighting
 - Level 10.0 Short Blades
 - Level 2.0 Armour
 - Level 8.2 Dodging
 - Level 12.1 Stealth
 - Level 4.6 Shields
 - Level 11.2 Spellcasting
 - Level 3.0 Conjurations
 - Level 15.4 Hexes
 - Level 4.0 Translocations
 + Level 18.1 Air Magic
 - Level 5.0 Earth Magic
 - Level 3.2 Invocations
 - Level 3.3 Evocations


You had 8 spell levels left.
You knew the following spells:

 Your Spells              Type           Power        Failure   Level  Hunger
a - Corona                Hex            #######      0%          1    None
b - Ensorcelled Hibernat  Hex/Ice        ######       1%          2    None
c - Confuse               Hex            #######.     1%          3    None
d - Dazzling Spray        Conj/Hex       ######..     1%          3    None
e - Stone Arrow           Conj/Erth      #####.       1%          3    None
f - Blink                 Tloc           N/A          1%          2    None
g - Mass Confusion        Hex            #######...   1%          6    ####...
h - Lightning Bolt        Conj/Air       ######....   1%          5    ##.....
i - Fulminant Prism       Conj/Hex       ######....   1%          4    None
j - Flight                Chrm/Air       ######....   1%          3    None


Dungeon Overview and Level Annotations

Branches:
Dungeon (15/15)            Temple (1/1) D:7            Lair (8/8) D:10
 Shoals (5/5) Lair:6       Spider (5/5) Lair:6        Slime (0/6) Lair:6
    Orc (4/4) D:12            Elf (2/3) Orc:3        Vaults (1/5) D:13
 Depths (0/5) D:15

Altars:
Ashenzari
Dithmenos
Fedhas
Gozag
Kikubaaqudgha
Makhleb
Okawaru
Qazlal
Ru
Trog
Vehumet
Xom
Yredelemnul
Beogh

Shops:
Orc:3 }   Orc:4 *[=(   Shoals:2 !

Portals:
Trove: D:14 (give +3 storm dragon armour)

Annotations:
Lair:3 Rupert
Lair:7 exclusion: death yak, flinch's ghost, powerful DDFi
Shoals:2 exclusion: Roxanne, Roxanne
Shoals:4 exclusion: kraken
Shoals:5 Mara


Innate Abilities, Weirdness & Mutations

You are partially covered in rugged brown scales (AC +1, +3% HP).


Message History

Casting: Confuse
Confirm with . or Enter, or press ? or * to list all spells.
Aiming: Confuse
Press: ? - help, Shift-Dir - straight line, f - orc warrior
Aim: an orc warrior, wielding a scimitar of slicing and wearing a chain mail (black smoke, severely wounded, umbra, chance 84%)
The orc warrior appears confused.
Something hits the orc knight!!
Something freezes the orc knight!!
The orc warrior hits something with a scimitar of slicing!!
You catch the helpless orc warrior completely off-guard!
You skewer the orc warrior like a kebab!!!!
There is a sudden explosion of sparks!
You kill the orc warrior!
Dithmenos accepts your kill.
The orc knight shoots a bolt.
The bolt hits you!
Unknown command.
The stone giant simulacrum hits you!!
* * * LOW HITPOINT WARNING * * *
You emit a cloud of dark smoke.
The stone giant simulacrum freezes you!!!
You die...

......W...J.#..##..#......#..#...
............#[.##..#......#..#...
.......WO...#..##..#......#..'...
............#..##..#......#..#...
.......†....#.(##..#......#..'...
............#§§##..#......#..#...
............#§§##..#......#..####
............#§§§#Z.########..#
...........#§§§@o§[.........#
..........#..##§§.....)....#
.........#..##..########..# ....
#..##..#......#..#
#..##..#......#..#
#..##..#......#..#
#..##..#......'..#
#..##.(#......#..#
#..##..#......#..#


You could see an orc knight and a stone giant simulacrum (confused).

Vanquished Creatures
  Arachne (Spider:5)
  Nikola (Spider:2)
  Kirke (Spider:1)
  A storm dragon (Vaults:1)
  A sphinx (Vaults:1)
  Frances (Shoals:2)
  Donald (Spider:4)
  2 ghost moths (Spider:4)
  5 emperor scorpions
  4 vault wardens (Vaults:1)
  2 orc warlords
  A war gargoyle (Vaults:1)
  4 ironheart preservers (Vaults:1)
  A stone giant (D:15)
  The ghost of Chiseanne the Eclecticist, a powerful VSNe of Kikubaaqudgha (D:13)
  An ettin (Vaults:1)
  Snorg (Spider:2)
  A minotaur (Lab)
  2 yaktaur captains
  8 vault guards
  2 merfolk javelineers
  7 merfolk impalers
  Nessos (D:15)
  3 merfolk aquamancers
  2 merfolk avatars
  Erica (D:14)
  A centaur warrior (D:15)
  An alligator snapping turtle (Shoals:2)
  7 hydras
  5 ogre magi
  A deep troll earth mage (Vaults:1)
  3 orc high priests (Orc:4)
  2 tengu warriors (D:15)
  Urug (D:12)
  4 deep elf knights
  A shadow wraith (Vaults:1)
  A hell knight (Vaults:1)
  A fire crab (Vaults:1)
  10 skeletal warriors (Vaults:1)
  7 sea snakes
  7 deep trolls
  7 ironbrand convokers (Vaults:1)
  Erolcha (D:8)
  4 hill giants
  An unseen horror (Vaults:1)
  7 deep elf summoners (Elf:1)
  6 orc sorcerers
  12 orc knights
  4 ugly things
  9 harpies
  10 orb spiders
  6 fauns
  A deep elf conjurer (Elf:1)
  26 wolf spiders
  8 cyclopes
  13 griffons
  9 manticores
  2 hornets
  4 water nymphs
  4 vault sentinels (Vaults:1)
  10 black mambas
  12 elephants (Lair:8)
  A moth of wrath (Spider:2)
  5 torpor snails
  9 sirens
  A gargoyle (D:11)
  11 yaktaurs
  A kobold demonologist (D:12)
  9 spiny frogs
  12 demonic crawlers
  7 komodo dragons
  A harpy zombie (D:15)
  A red devil (Orc:4)
  26 merfolk
  A deep elf priest (Vaults:1)
  17 jumping spiders
  2 polar bears (Lair:8)
  Sonja (D:15)
  25 blink frogs
  3 freezing wraiths (Vaults:1)
  Grinder (D:6)
  A wolf spider simulacrum (Vaults:1)
  A wind drake (Shoals:4)
  11 two-headed ogres
  A raven (D:15)
  2 boulder beetles
  9 slime creatures
  7 snapping turtles
  A harpy skeleton (D:15)
  7 trolls
  2 wyverns
  6 basilisks
  A centaur simulacrum (D:13)
  3 wraiths
  27 trapdoor spiders
  42 yaks
  8 deep elf magi
  A vampire (D:14)
  26 redbacks
  5 water elementals
  13 vampire mosquitoes
  18 tarantellas
  6 deep elf fighters (Elf:1)
  Eustachio (D:6)
  10 hippogriffs
  Edmund (D:8)
  2 wargs
  14 porcupines
  13 water moccasins
  13 spiders
  48 orc warriors
  14 wolves
  A black bear (D:8)
  A phantom (D:12)
  5 sky beasts
  4 ice beasts
  5 centaurs (D:13)
  2 wasps
  4 big kobolds
  2 boring beetles
  34 ogres
  15 crocodiles
  Blork the orc (D:6)
  A gnoll sergeant (D:7)
  A wyvern zombie (D:14)
  20 giant frogs
  A water moccasin zombie (D:5)
  A hippogriff zombie (D:14)
  12 scorpions
  6 killer bees
  8 wights
  A human simulacrum (Vaults:1)
  10 electric eels
  5 centaur zombies
  5 centaur skeletons
  9 crimson imps
  4 giant frog zombies
  2 goliath beetles
  31 orc priests
  12 hounds
  2 giant frog skeletons
  3 jellies
  3 quasits
  7 iguanas
  A killer bee zombie (D:5)
  5 hell rats
  34 orc wizards
  30 sheep
  13 worker ants
  Ijyb (D:6)
  2 hound skeletons
  2 mummies
  31 river rats
  A worker ant zombie (D:6)
  27 adders
  5 gnolls
  4 shadow imps
  A giant mite (D:6)
  13 orc zombies (Orc:4)
  2 worms
  An adder zombie (D:6)
  2 orc skeletons (Orc:4)
  4 giant geckos
  2 oozes (D:4)
  175 orcs
  4 ball pythons
  2 bat skeletons
  5 giant cockroaches
  33 goblins
  24 hobgoblins
  28 kobolds
  9 quokkas
  11 bats
  A giant gecko skeleton (D:5)
  4 giant newts
  8 jackals
  13 rats
  A plant (Shoals:1)
1429 creatures vanquished.

Vanquished Creatures (collateral kills)
  2 killer bees (D:8)
2 creatures vanquished.

Vanquished Creatures (others)
  Ilsuiw (Shoals:3)
  A deep elf mage (Elf:1)
  4 humans (Spider:1)
  9 fulminant prisms
  An ogre (D:7)
  A killer bee (D:8)
  2 orc wizards (D:9)
  4 fungi
  4 plants
27 creatures vanquished.

Grand Total: 1458 creatures vanquished

Notes
Turn   | Place    | Note
--------------------------------------------------------------
     0 | D:1      | genja64, the Human Enchanter, began the quest for the Orb.
     0 | D:1      | Reached XP level 1. HP: 13/13 MP: 3/3
    40 | D:1      | Reached XP level 2. HP: 19/19 MP: 4/4
   214 | D:1      | Learned a level 2 spell: Ensorcelled Hibernation
   408 | D:1      | Reached XP level 3. HP: 24/24 MP: 3/6
  1319 | D:2      | Reached skill level 4 in Hexes
  1395 | D:2      | Reached XP level 4. HP: 28/30 MP: 4/7
  1505 | D:2      | Found an iron altar of Okawaru.
  2001 | D:3      | Reached XP level 5. HP: 35/35 MP: 2/9
  2277 | D:3      | Learned a level 3 spell: Confuse
  2531 | D:3      | Found a bloodstained altar of Trog.
  3088 | D:4      | Reached skill level 1 in Fighting
  3271 | D:4      | Reached XP level 6. HP: 39/43 MP: 5/10
  3293 | D:4      | Found a stormy altar of Qazlal.
  3312 | D:4      | Noticed an ogre
  3533 | D:4      | Found an ancient bone altar of Kikubaaqudgha.
  3599 | D:4      | Reached skill level 5 in Hexes
  4325 | D:4      | Reached XP level 7. HP: 31/48 MP: 10/13
  4798 | D:5      | Entered Level 5 of the Dungeon
  5172 | D:5      | Found a shattered altar of Ashenzari.
  5179 | D:5      | Reached skill level 6 in Hexes
  5640 | D:5      | Reached XP level 8. HP: 54/54 MP: 10/17
  6299 | D:5      | Learned a level 3 spell: Dazzling Spray
  6334 | D:6      | Reached skill level 7 in Hexes
  6399 | D:6      | Noticed Eustachio
  6417 | D:6      | Killed Eustachio
  6723 | D:6      | Noticed Grinder
  6739 | D:6      | Killed Grinder
  6739 | D:6      | Reached XP level 9. HP: 55/59 MP: 14/20
  6747 | D:6      | Learned a level 3 spell: Stone Arrow
  6771 | D:6      | Noticed Blork the orc
  6780 | D:6      | Killed Blork the orc
  6780 | D:6      | Reached skill level 8 in Hexes
  6968 | D:6      | Reached skill level 5 in Short Blades
  7137 | D:6      | Noticed Ijyb
  7139 | D:6      | Killed Ijyb
  7339 | D:6      | Reached skill level 5 in Spellcasting
  7339 | D:6      | Reached skill level 1 in Earth Magic
  7987 | D:7      | Reached skill level 5 in Stealth
  8251 | D:7      | Found a staircase to the Ecumenical Temple.
  8301 | Temple   | Entered the Ecumenical Temple
  8448 | Temple   | Became a worshipper of Dithmenos the Shadowed
  8897 | D:7      | Reached XP level 10. HP: 39/65 MP: 4/23
  9597 | D:8      | Noticed Erolcha
  9604 | D:8      | Killed Erolcha
  9822 | D:8      | Noticed Edmund
  9832 | D:8      | Killed Edmund
  9950 | D:8      | Reached skill level 5 in Earth Magic
 10081 | D:8      | Got a translucent golden amulet
 10083 | D:8      | Identified the amulet "Zyku" {Spirit rElec rPois rN+ MR-} (You found it on level 8 of the Dungeon)
 10649 | D:9      | Found a shimmering altar of Xom.
 10680 | D:9      | Reached skill level 1 in Armour
 11124 | D:9      | Found a basalt altar of Yredelemnul.
 11135 | D:9      | Learned a level 2 spell: Blink
 11205 | D:9      | Acquired Dithmenos' first power
 11387 | D:9      | Reached XP level 11. HP: 66/75 MP: 18/26
 11412 | D:10     | Entered Level 10 of the Dungeon
 11426 | D:10     | Reached skill level 1 in Translocations
 11710 | D:10     | Found a staircase to the Lair.
 11798 | D:10     | Reached skill level 9 in Hexes
 12059 | D:10     | Noticed a hill giant
 12070 | D:10     | Killed a hill giant
 12070 | D:10     | Reached skill level 1 in Invocations
 12070 | D:10     | Reached skill level 1 in Evocations
 12204 | Lair:1   | Entered Level 1 of the Lair of Beasts
 13464 | Lair:2   | Reached skill level 10 in Hexes
 13523 | Lair:2   | Learned a level 6 spell: Mass Confusion
 13754 | Lair:2   | Got a wavering granite ring
 13786 | Lair:2   | Identified the ring "Soutouc" {+Blink rElec MP-9 Str+6 Slay+2 Stlth-} (You found it on level 2 of the Lair of Beasts)
 13917 | Lair:2   | Acquired Dithmenos' second power
 14129 | Lair:2   | Reached skill level 11 in Hexes
 14129 | Lair:2   | Reached XP level 12. HP: 63/83 MP: 5/27
 15256 | Lair:3   | Reached skill level 12 in Hexes
 15732 | Lair:3   | Acquired Dithmenos' third power
 15732 | Lair:3   | Reached skill level 13 in Hexes
 15958 | Lair:3   | Noticed Rupert
 16629 | Lair:4   | Reached XP level 13. HP: 88/88 MP: 29/29
 16640 | Lair:4   | Acquired Dithmenos' fourth power
 16856 | Lair:4   | Reached skill level 5 in Dodging
 17345 | Lair:5   | Reached skill level 14 in Hexes
 17941 | Lair:6   | Found a hole to the Spider Nest.
 18106 | Lair:6   | Found a staircase to the Slime Pits.
 18211 | Lair:6   | Got an ancient robe
 18223 | Lair:6   | Identified the +0 robe "Psamac" {-Cast MR+ Int+6} (You found it on level 6 of the Lair of Beasts)
 18407 | Lair:6   | Found a staircase to the Shoals.
 19315 | Lair:7   | Noticed flinch's ghost (powerful DDFi)
 20132 | D:11     | Reached XP level 14. HP: 87/95 MP: 19/30
 20300 | D:11     | Found Jisacso's Magic Scroll Boutique.
 20324 | D:11     | Bought a scroll of identify for 32 gold pieces
 20324 | D:11     | Bought a scroll of identify for 32 gold pieces
 20324 | D:11     | Bought a scroll of remove curse for 48 gold pieces
 20324 | D:11     | Bought a scroll of remove curse for 48 gold pieces
 20324 | D:11     | Bought a scroll of remove curse for 48 gold pieces
 20324 | D:11     | Bought a scroll of teleportation for 48 gold pieces
 20380 | D:12     | Reached skill level 10 in Stealth
 20465 | D:12     | Found a staircase to the Orcish Mines.
 20729 | D:12     | Noticed Urug
 20737 | D:12     | Killed Urug
 21042 | D:12     | Gained mutation: You are partially covered in rugged brown scales (AC +1, +3% HP). [potion of beneficial mutation]
 21071 | Orc:1    | Entered Level 1 of the Orcish Mines
 21839 | Orc:1    | Found a burning altar of Makhleb.
 22330 | Orc:2    | Found a roughly hewn altar of Beogh.
 22335 | Orc:2    | Noticed an orc warlord
 22400 | Orc:2    | Killed an orc warlord
 22400 | Orc:2    | Reached skill level 5 in Fighting
 23146 | Orc:3    | Found a staircase to the Elven Halls.
 23317 | Orc:3    | Found Yphit's Gadget Shoppe.
 23331 | Orc:3    | Bought a wand of hasting (7) for 660 gold pieces
 23385 | Orc:4    | Entered Level 4 of the Orcish Mines
 23385 | Orc:4    | Found a frozen archway.
 24358 | Orc:4    | Noticed an orc warlord
 24481 | Orc:4    | Killed an orc warlord
 25206 | Orc:4    | Found Koidemi's Antique Armour Shoppe.
 25207 | Orc:4    | Found Zotaurit's Antique Weapon Emporium.
 25208 | Orc:4    | Found Ghisokk's General Store.
 25208 | Orc:4    | Found Xievvobo's Jewellery Shoppe.
 25224 | Orc:4    | Bought a scroll of teleportation for 36 gold pieces
 25225 | Orc:4    | Bought the ring "Isuy" {rF+ Int+10 Dex-3} for 747 gold pieces
 25236 | Orc:4    | Bought a pair of brightly glowing gloves for 389 gold pieces
 25236 | Orc:4    | Bought a runed cloak for 184 gold pieces
 25247 | Orc:4    | Identified the cursed -2 pair of gloves of the Valley {rF++ Dex+6} (You bought it in a shop on level 4 of the Orcish Mines)
 25466 | Orc:4    | Learned a level 5 spell: Lightning Bolt
 25537 | Orc:4    | Reached skill level 1 in Air Magic
 25697 | D:13     | Reached XP level 15. HP: 108/108 MP: 26/32
 25869 | D:13     | Noticed Chiseanne's ghost (powerful VSNe)
 25944 | D:13     | Found a labyrinth entrance.
 25954 | Lab      | Entered a labyrinth
 26478 | Lab      | Got a pair of heavily runed gloves
 26874 | D:13     | Found a gate to the Vaults.
 27131 | D:14     | Reached skill level 15 in Hexes
 27344 | D:14     | Reached skill level 5 in Air Magic
 27429 | D:14     | Found a portal to a secret trove of treasure.
 27519 | D:14     | Noticed Erica
 27526 | D:14     | Killed Erica
 27598 | D:15     | Entered Level 15 of the Dungeon
 27848 | D:15     | Identified a +3 rod of destruction (12/12) (You found it on level 15 of the Dungeon)
 27859 | D:15     | Noticed Nessos
 27865 | D:15     | Killed Nessos
 28055 | D:15     | Noticed Sonja
 28112 | D:15     | Killed Sonja
 28301 | D:15     | Found a staircase to the Depths.
 28946 | D:13     | Killed Chiseanne's ghost
 28946 | D:13     | Reached skill level 1 in Shields
 29241 | Lair:8   | Entered Level 8 of the Lair of Beasts
 30072 | Lair:8   | Reached XP level 16. HP: 114/114 MP: 32/32
 31043 | Spider:1 | Entered Level 1 of the Spider Nest
 31219 | Spider:1 | Identified the +0 pair of gloves "Lorcheuthro" {Int-4 Dex+5} (You found it in a labyrinth)
 31253 | Spider:1 | Noticed Kirke
 31255 | Spider:1 | Killed Kirke
 31255 | Spider:1 | Reached skill level 10 in Air Magic
 32107 | Shoals:1 | Entered Level 1 of the Shoals
 33225 | Shoals:2 | Noticed Roxanne
 33329 | Shoals:2 | Found Kluphaosm's Distillery.
 33349 | Shoals:2 | Bought a potion of heal wounds for 55 gold pieces
 33474 | Shoals:2 | Noticed Frances
 34295 | Shoals:3 | Noticed Ilsuiw
 34418 | Shoals:2 | Killed Frances
 34418 | Shoals:2 | Reached skill level 1 in Conjurations
 34836 | Spider:2 | Reached XP level 17. HP: 96/123 MP: 17/33
 35535 | Spider:2 | Reached skill level 10 in Short Blades
 35844 | Spider:2 | Noticed Snorg
 35856 | Spider:2 | Noticed Nikola
 35859 | Spider:2 | Killed Snorg
 35883 | Spider:2 | Killed Nikola
 36153 | Spider:1 | Learned a level 4 spell: Fulminant Prism
 38181 | Spider:4 | Noticed Donald
 38183 | Spider:4 | Killed Donald
 38870 | Lair:6   | Upgraded the game from 0.16.0 to 0.16.0-6-gad6103a
 38944 | Shoals:2 | Reached skill level 10 in Spellcasting
 39170 | Shoals:3 | Killed Ilsuiw
 40379 | Shoals:4 | Reached XP level 18. HP: 101/135 MP: 8/35
 40616 | Shoals:4 | Got a heavily runed leather armour
 40733 | Shoals:4 | Identified the cursed -5 leather armour of the Lost Path {Dex+2 Stlth+} (You found it on level 4 of the Shoals)
 41571 | Spider:5 | Entered Level 5 of the Spider Nest
 41574 | Spider:5 | Noticed Arachne
 41579 | Spider:5 | Killed Arachne
 42042 | Spider:4 | Learned a level 3 spell: Flight
 43978 | Shoals:5 | Entered Level 5 of the Shoals
 44527 | Shoals:5 | Noticed Mara
 44967 | Shoals:5 | Got a barnacled rune of Zot
 45346 | D:11     | Bought a scroll of enchant weapon for 120 gold pieces
 45346 | D:11     | Bought a scroll of remove curse for 48 gold pieces
 45346 | D:11     | Bought a scroll of recharging for 152 gold pieces
 45552 | Orc:4    | Bought a fine helmet for 389 gold pieces
 45578 | Orc:4    | Identified the +0 helmet "Vieliof" {-Cast rElec rPois Str+5 Stlth+} (You bought it in a shop on level 4 of the Orcish Mines)
 45676 | Elf:1    | Entered Level 1 of the Elven Halls
 46196 | Elf:1    | Reached skill level 15 in Air Magic
 47484 | Vaults:1 | Entered Level 1 of the Vaults
 47757 | Vaults:1 | Reached XP level 19. HP: 105/142 MP: 33/36
 48686 | Vaults:1 | Reached skill level 16 in Air Magic
 50251 | Vaults:1 | Reached skill level 17 in Air Magic
 51477 | Vaults:1 | Noticed a lich
 52848 | Vaults:1 | Reached skill level 18 in Air Magic
 52987 | Vaults:1 | Mangled by a stone giant simulacrum

Action                   |  1- 3 |  4- 6 |  7- 9 | 10-12 | 13-15 | 16-18 | 19-21 || total
-------------------------+-------+-------+-------+-------+-------+-------+-------++-------
Melee: Dagger            |    86 |   121 |   292 |   462 |  1162 |   953 |   257 ||  3333
       Spear             |     5 |       |       |       |       |       |       ||     5
       Double sword      |       |       |       |       |       |       |    14 ||    14
       Great sword       |       |       |       |       |       |       |    12 ||    12
 Cast: Ensorcelled Hiber |     4 |    36 |    45 |    21 |    40 |   149 |     6 ||   301
       Corona            |     2 |     9 |     1 |     5 |     6 |     3 |       ||    26
       Confuse           |       |     7 |    65 |   111 |   181 |   289 |   119 ||   772
       Dazzling Spray    |       |       |       |    33 |    44 |    15 |     3 ||    95
       Stone Arrow       |       |       |       |     7 |     4 |    22 |     2 ||    35
       Mass Confusion    |       |       |       |     4 |    31 |    16 |    18 ||    69
       Lightning Bolt    |       |       |       |       |       |    36 |    38 ||    74
       Blink             |       |       |       |       |       |     7 |     5 ||    12
       Fulminant Prism   |       |       |       |       |       |     9 |       ||     9
       Flight            |       |       |       |       |       |     8 |       ||     8
Invok: Shadow Step       |       |       |       |     1 |       |     5 |       ||     6
 Abil: Evoke Teleportati |       |       |       |       |     1 |       |       ||     1
Evoke: Wand              |       |       |       |     2 |     2 |    10 |     2 ||    16
  Use: Scroll            |       |    11 |     3 |    13 |    22 |    25 |     6 ||    80
       Potion            |       |       |       |       |     1 |     7 |     1 ||     9
 Stab: Sleeping          |     7 |    30 |    25 |    46 |   105 |   147 |     5 ||   365
       Confused          |       |     2 |    24 |    43 |   116 |   127 |    53 ||   365
       Invisible         |       |       |       |     8 |    11 |     6 |     1 ||    26
       Distracted        |       |       |       |     1 |     8 |     3 |       ||    12
  Eat: Chunk             |     2 |    10 |    19 |    24 |    46 |    64 |    15 ||   180
       Royal jelly       |       |     1 |       |       |     1 |     1 |       ||     3
       Pizza             |       |       |     1 |       |       |       |       ||     1
       Beef jerky        |       |       |       |     2 |     3 |     1 |       ||     6
       Bread ration      |       |       |       |       |     1 |       |       ||     1
       Fruit             |       |       |       |       |       |     1 |       ||     1
